 Dungeon Crawl Stone Soup version 0.30-a0-672-gc3a7216ad8 (webtiles) character file.

Game seed: 339297242355653451

723 BigDaddyOpFi the Trooper (level 7, -2/56 HPs)
             Began as a Demonspawn Fighter on Jan 18, 2023.
             Was an Initiate of Hepliaklqana.
             Slain by a steam dragon (6 damage)
             ... on level 7 of the Dungeon.
             The game lasted 00:04:00 (2989 turns).

BigDaddyOpFi the Trooper (Demonspawn Fighter)       Turns: 2989, Time: 00:04:00

Health: -2/56      AC: 17    Str: 18    XL:     7   Next: 43%
Magic:  7/7        EV:  7    Int: 10    God:    Hepliaklqana [......]
Gold:   304        SH:  5    Dex: 12    Spells: 6/6 levels left

rFire   . . .      SeeInvis .    a - +0 war axe
rCold   . . .      Faith    .    c - +0 buckler
rNeg    . . .      Spirit   .    l - +1 chain mail
rPois   .          Reflect  .    (no helmet)
rElec   .          Harm     .    m - +0 cloak
rCorr   +          Rampage  .    (no gloves)
Will    .....                    (no boots) Stlth
                                 (no amulet)
HPRegen 0.29/turn                f - +4 ring of protection
MPRegen 0.10/turn                k - ring of resist corrosion

@: about to teleport, flying (expiring)
A: claws 1, yellow scales 1, powered by death 1, spiny 1
a: Renounce Religion


You were on level 7 of the Dungeon.
You worshipped Hepliaklqana.
Hepliaklqana was noncommittal.
You visited 2 branches of the dungeon, and saw 6 of its levels.

You collected 304 gold pieces.

Inventory:

Hand Weapons
 a - a +0 war axe (weapon)
 i - a +4 quarterstaff of chaos
Armour
 c - a +0 buckler (worn)
 l - a +1 chain mail (worn)
 m - a +0 cloak (worn)
Jewellery
 f - a +4 ring of protection (left claw)
 h - a ring of positive energy
 k - a ring of resist corrosion (right claw)
 o - a ring of positive energy
Wands
 b - a wand of charming (8) (quivered)
 p - a wand of flame (21)
 r - a wand of acid (9)
Scrolls
 j - a scroll of noise
 n - a scroll of teleportation
 t - a scroll of identify
Potions
 q - a potion of mutation {unknown}
 s - a potion of invisibility {unknown}
 u - a potion of resistance {unknown}
 v - a potion of lignification {unknown}


   Skills:
 + Level 5.1 Fighting
 + Level 4.0 Axes
 + Level 4.5 Armour
 + Level 4.6 Shields


You had 6 spell levels left.
You didn't know any spells.
Your spell library contained the following spells:

 Spells                   Type           Power      Damage    Failure   Level
 Blink                    Tloc           0%         N/A       100%        2
 Lesser Beckoning         Tloc           0%         N/A       100%        2
 Momentum Strike          Conj/Tloc      0%         3d8       100%        2
 Ozocubu's Armour         Ice            0%         N/A       100%        3
 Tukima's Dance           Hex            0%         N/A       100%        3
 Passage of Golubria      Tloc           0%         N/A       100%        4
 Yara's Violent Unravell  Hex/Tmut       0%         3d3       100%        5
 Ozocubu's Refrigeration  Ice            0%         4d7       100%        7


Dungeon Overview and Level Annotations

Branches:
Dungeon (4/15)             Temple (1/1) D:4

Altars:
Ashenzari
Gozag
Hepliaklqana
Kikubaaqudgha
Ru
Uskayaw
Vehumet
Wu Jian
Xom

Shops:
D:1 *


Innate Abilities, Weirdness & Mutations

You have sharp fingernails.
You are partially covered in yellow scales. (AC +2)
You regenerate a little health from kills.
You are partially covered in sharp spines.


Message History

You closely miss the steam dragon.
The steam dragon is almost dead.
You are engulfed in a cloud of scalding steam.
You are confused.
You are engulfed in a cloud of scalding steam.
The steam dragon attacks as you move away!
The steam dragon is struck by your spines.
The steam dragon barely misses you. x2
The steam dragon breathes steam at you. The ball of steam hits you!
You're too confused to move!
You are engulfed in a cloud of scalding steam.
You are starting to lose your buoyancy.
You slash the steam dragon!
You kill the steam dragon!
You are engulfed in a cloud of scalding steam.
Your Fighting skill increases to level 5!
Your Axes skill increases to level 4!
You bump into the rock wall.
You are engulfed in a cloud of scalding steam.
* * * LOW HITPOINT WARNING * * *
You feel less confused. The steam dragon breathes steam at you.
The ball of steam hits you!
* * * LOW HITPOINT WARNING * * *
You hear a shout!
An orc wizard comes into view. It is wielding a +0 dagger.
Unknown command.
Unknown command.
As you read the scroll of teleportation, it crumbles to dust.
You feel strangely unstable.
You are engulfed in a cloud of scalding steam.
The steam dragon is struck by your spines.
The steam dragon closely misses you.
The steam dragon claws you but does no damage.
You feel better.
You are engulfed in a cloud of scalding steam.
* * * LOW HITPOINT WARNING * * *
The steam dragon bites you.
You die...

##################
#...oD@§§§.......#
#..[############....
###.§..... .
.....### ......#
{........
###.####### #(


You could see a steam dragon and an orc wizard.

Vanquished Creatures
  Sigmund (D:2)
  A steam dragon (D:7)
  2 phantoms (D:4)
  Crazy Yiuf (D:2)
  An iguana (D:4)
  Natasha (D:2)
  Robin (D:4)
  8 adders
  2 worms
  3 dart slugs
  13 orcs
  6 endoplasms
  4 giant cockroaches
  15 goblins
  8 hobgoblins
  10 jackals
  4 quokkas
  8 ball pythons
  5 bats
  4 frilled lizards
  3 kobolds
  A rat (D:3)
102 creatures vanquished.

Vanquished Creatures (others)
  A human (D:4)
  2 plants (D:4)
3 creatures vanquished.

Grand Total: 105 creatures vanquished

Notes
Turn   | Place    | Note
-------+----------+-------------------------------------------
     0 | D:1      | BigDaddyOpFi the Demonspawn Fighter began the quest for the
                  | Orb.
     0 | D:1      | Reached XP level 1. HP: 18/18 MP: 1/1
    58 | D:1      | Gained mutation: You are partially covered in sharp spines.
                  | [demonic ancestry]
    58 | D:1      | Reached XP level 2. HP: 24/24 MP: 2/2
   415 | D:1      | Found Askac's General Store.
   580 | D:2      | Found a faded altar of an unknown god.
   603 | D:2      | Gained mutation: You have sharp fingernails. [demonic
                  | ancestry]
   603 | D:2      | Reached XP level 3. HP: 17/29 MP: 3/3
  1096 | D:2      | Noticed Natasha
  1103 | D:2      | Killed Natasha
  1104 | D:2      | Reached XP level 4. HP: 34/37 MP: 4/4
  1164 | D:2      | Noticed Sigmund
  1174 | D:2      | Killed Sigmund
  1175 | D:2      | Reached skill level 4 in Fighting
  1175 | D:2      | Reached XP level 5. HP: 28/42 MP: 5/5
  1315 | D:2      | Found a runed translucent door.
  1316 | D:2      | Noticed Crazy Yiuf
  1402 | D:2      | Killed Crazy Yiuf
  1403 | D:2      | Gained mutation: You regenerate a little health from kills.
                  | [demonic ancestry]
  1403 | D:2      | Reached XP level 6. HP: 43/48 MP: 6/6
  2486 | D:4      | Found a hide-covered altar of Uskayaw.
  2488 | D:4      | Noticed Robin
  2498 | D:4      | Killed Robin
  2541 | D:4      | Gained mutation: You are partially covered in yellow
                  | scales. (AC +2) [demonic ancestry]
  2541 | D:4      | Reached XP level 7. HP: 55/55 MP: 7/7
  2716 | D:4      | Found a staircase to the Ecumenical Temple.
  2738 | Temple   | Entered the Ecumenical Temple
  2794 | Temple   | Became a worshipper of Hepliaklqana the Forgotten
  2900 | D:4      | Found an ancient bone altar of Kikubaaqudgha.
  2900 | D:4      | Noticed a human
  2904 | D:4      | Killed a human
  2956 | D:4      | You fall into a shaft and drop 3 floors!
  2967 | D:7      | Noticed a steam dragon
  2977 | D:7      | Noticed a steam dragon
  2986 | D:7      | Killed a steam dragon
  2987 | D:7      | Reached skill level 5 in Fighting
  2987 | D:7      | HP: 2/56 [steam dragon/ball of steam (13)]
  2989 | D:7      | Slain by a steam dragon

Illustrated notes

Levels and vault maps discovered:
D:1:      reono_arrival_forest_river, layout_basic, serial_shops,
          nicolae_shop_competitors_out_of_business, minmay_heptomino_w4
D:2:      layout_loops_ring, hellmonk_ecumenical_altar_blasted, uniq_natasha,
          uniq_sigmund, uniq_crazy_yiuf_cottage
D:3:      layout_basic
D:4:      cheibrodos_old_hovel, layout_basic,
          mainiacjoe_overflow_surrounded_room, tgw_kikubaaqudgha,
          minmay_temple_entry_gardened_gates, uniq_robin
D:7:      layout_rooms, enter_bailey_5
Temple:   nicolae_temple_superstar

Skill      XL: |  1  2  3  4  5  6  7 |
---------------+----------------------+-----
Axes           | 2 3 4 |  4.0
Armour         | 3 4 |  4.5
Shields        | 3 4 |  4.6
Fighting       | 4 5 |  5.1

Action                   |  1- 3 |  4- 6 |  7- 9 || total
-------------------------+-------+-------+-------++-------
Melee: War axe           |    98 |    97 |    25 ||   220
  Use: Scroll            |     3 |     4 |     1 ||     8
       Potion            |       |     1 |     4 ||     5
Armor: Scale mail        |    42 |       |       ||    42
       Chain mail        |     9 |    48 |    22 ||    79
Dodge: Dodged            |    39 |    18 |     7 ||    64
Block: Buckler           |    16 |    27 |    12 ||    55

Table legend: (Time is in decaauts)
 A = Elapsed time spent in this place.
 B = Non-inter-level travel time spent in this place.
 C = Inter-level travel time spent in this place.
 D = Time resting spent in this place.
 E = Time spent auto-exploring this place.
 F = Levels seen in this place.
 G = Mean time per level.
                   A        B        C        D        E       F      G
               +--------+--------+--------+--------+--------+-----+--------+
         Total |   3087 |   2992 |     95 |    145 |   2195 |   6 |  514.5 |
       Dungeon |   3010 |   2928 |     82 |    145 |   2164 |   5 |  602.0 |
        Temple |     77 |     64 |     13 |      0 |     31 |   1 |   77.0 |
               +--------+--------+--------+--------+--------+-----+--------+

Top non-repeatable levels by time:
     D:2: 923 daAuts
     D:4: 907 daAuts
     D:1: 581 daAuts
     D:3: 561 daAuts
  Temple: 77 daAuts
     D:7: 35 daAuts
